 Dungeon Crawl Stone Soup version 0.31-a0-202-g547052bce9 (webtiles) character file.

Game seed: 17013360844733150694

27 lunkers the Stinger (level 3, -2/26 HPs)
             Began as a Meteoran Wanderer on June 26, 2023.
             Was a Follower of Elyvilon.
             Slain by a gnoll
             ... wielding a +0 spear
              (5 damage)
             ... on level 2 of the Dungeon.
             The game lasted 00:01:30 (510 turns).

lunkers the Stinger (Meteoran Wanderer)              Turns: 510, Time: 00:01:31

Health: -2/26      AC:  4    Str: 16    XL:     3   Next: 44%
Magic:  6/6        EV: 12    Int: 13    God:    Elyvilon [*.....]
Gold:   43         SH:  0    Dex: 13    Spells: 3/4 levels left

rFire   + . .        a - +0 hand axe
rCold   + . .        (no shield)
rNeg    . . .        d - +0 robe
rPois   +            (no helmet)
rElec   +            (no cloak)
rCorr   +            k - +0 pair of gloves
SInv    .            b - +0 pair of boots
Will    +....        (no amulet)
Stlth   +            (no ring)
HPRegen 0.24/turn    (no ring)
MPRegen 0.10/turn

%: no passive effects
@: resistant, enlightened, flying, glowing
A: sense surroundings 1, otherworldly, glowing, explore regen
a: Renounce Religion, Purification


You were on level 2 of the Dungeon.
You worshipped Elyvilon.
Elyvilon was aware of your devotion.
You visited 1 branch of the dungeon, and saw 2 of its levels.

You collected 43 gold pieces.

Inventory:

Hand Weapons
 a - a +0 hand axe (weapon)
Missiles
 h - a throwing net
Armour
 b - a +0 pair of boots (worn)
 d - a +0 robe (worn)
 j - a scarf of harm
 k - a +0 pair of gloves (worn)
Jewellery
 g - an amulet of guardian spirit
Scrolls
 e - 5 scrolls of identify {unknown}
 l - a scroll of immolation {unknown}
Potions
 c - 2 potions of heal wounds


   Skills:
 + Level 3.6 Axes
 - Level 1.2 Armour
 - Level 2.4 Dodging
 - Level 1.3 Spellcasting
 - Level 4.8 Poison Magic
 - Level 1.2 Evocations


You had 3 spell levels left.
You knew the following spells:

 Your Spells              Type           Power      Damage    Failure   Level
a - Sting                 Tmut/Pois      28%        1d4       10%         1

Your spell library contained the following spells:

 Spells                   Type           Power      Damage    Failure   Level
 Poisonous Vapours        Pois/Air       14%        N/A       16%         2
 Mephitic Cloud           Conj/Pois/Air  5%         N/A       38%         3


Dungeon Overview and Level Annotations

Branches:
Dungeon (2/15) Zot: 683

Altars:
Elyvilon


Innate Abilities, Weirdness & Mutations

You passively map a small area around you.
You are easily found by Zot.
You glow in the dark.
You regain HP and MP as you explore.


Message History

There is an open door here.
Things that are here:
a +0 club; a goblin skeleton
Things that are here:
a +0 dagger; a jackal corpse You open the door.
Found a stone staircase leading down.
There is an open door here.
There is a stone staircase leading down here.
You have lingered too long.
Zot senses you.
Dive deeper or flee this branch before you suffer!
You climb downwards.
As you enter the new level, Zot loses track of you.
The gnoll shouts! x4; You hear a shout!
There is a stone staircase leading up here.
There are monsters nearby!
Found a runed cloak.
The gnoll hits you with a +0 flail!
You hit the gnoll but do no damage. The gnoll closely misses you.
The gnoll attacks as you move away! The gnoll hits you with a +0 flail!
* * * LOW HITPOINT WARNING * * *
It was a potion of resistance.
You feel protected. The gnoll closely misses you.
It was a potion of enlightenment.
You feel very buoyant.
You fly up into the air.
The gnoll hits you with a +0 flail.
* * * LOW HITPOINT WARNING * * *
The gnoll hits you from afar with a +0 spear.
Elyvilon protects you from harm!
You hit the gnoll.
The gnoll is lightly wounded.
The gnoll closely misses you.
The gnoll hits you from afar with a +0 spear!
Elyvilon protects you from harm!
You closely miss the gnoll.
The gnoll is lightly wounded.
The gnoll hits you with a +0 flail.
* * * LOW HITPOINT WARNING * * *
The gnoll hits you from afar with a +0 spear.
You die...

#<.....#
, ,,
#.####...
,, #.# *
* #.# ,
#g# #g# *
, ,#g# ,
* ,#g# *
*,#@# * *
#.# ***
,#.# ,#.#
* *#.#
#[# * ,
#.# * ..#
* *


You could see 4 gnolls.

Vanquished Creatures
  2 endoplasms (D:1)
  A giant cockroach (D:1)
  3 goblins (D:1)
  3 hobgoblins (D:1)
  9 jackals (D:1)
  A kobold (D:1)
  A ball python (D:1)
20 creatures vanquished.

Notes
Turn   | Place    | Note
-------+----------+-------------------------------------------
     0 | D:1      | lunkers the Meteoran Wanderer began the quest for the Orb.
     0 | D:1      | lunkers set off with the following items: a +0 hand axe, a
                  | +0 pair of boots, a potion of heal wounds, a +0 robe; and
                  | the following spell memorised: Sting; and the following
                  | spells available to memorise: Poisonous Vapours, Mephitic
                  | Cloud.
     0 | D:1      | Reached XP level 1. HP: 14/14 MP: 3/3
    60 | D:1      | Reached XP level 2. HP: 20/20 MP: 0/5
   140 | D:1      | Found a faded altar of an unknown god.
   198 | D:1      | Prayed at the altar of an unknown god.
   198 | D:1      | Became a worshipper of Elyvilon the Healer
   198 | D:1      | Reached * piety under Elyvilon
   290 | D:1      | Reached XP level 3. HP: 21/26 MP: 1/6
   494 | D:1      | Glimpsed the power of Zot.
   508 | D:2      | Elyvilon protects you from harm!
   509 | D:2      | Elyvilon protects you from harm!
   510 | D:2      | Slain by a gnoll

Illustrated notes

Levels and vault maps discovered:
D:1:      nzn_arrival_crosshair, layout_basic,
          dreamdust_ecumenical_altar_statues, chequers_garden
D:2:      layout_basic, kennysheep_generic_room_12

Skill      XL: |  1  2 |
---------------+-------+-----
Axes           | 2 3 |  3.6
Armour         | |  1.2
Dodging        | |  2.4
Spellcasting   | |  1.3
Poison Magic   | |  4.8
Evocations     | |  1.2

Action                     || total
---------------------------++-------
  Melee: Hand axe          ||    40
   Cast: Sting             ||    20
    Use: Potion            ||     2
 Armour: Robe              ||    21
  Dodge: Dodged            ||    39

Table legend: (Time is in decaauts)
 A = Elapsed time spent in this place.
 B = Non-inter-level travel time spent in this place.
 C = Inter-level travel time spent in this place.
 D = Time resting spent in this place.
 E = Time spent auto-exploring this place.
 F = Levels seen in this place.
 G = Mean time per level.
                   A        B        C        D        E       F      G
               +--------+--------+--------+--------+--------+-----+--------+
         Total |    515 |    515 |      0 |      0 |    338 |   2 |  257.5 |
       Dungeon |    515 |    515 |      0 |      0 |    338 |   2 |  257.5 |
               +--------+--------+--------+--------+--------+-----+--------+

Top non-repeatable levels by time:
     D:1: 500 daAuts
     D:2: 15 daAuts
